 Dungeon Crawl Stone Soup version 0.22-a0-803-gd6d8abeff0 (webtiles) character file.

35525 Htamos the Severer (level 13, -9/178 HPs)
             Began as a Hill Orc Monk on July 22, 2018.
             Was a Believer of Beogh.
             Mangled by a titan skeleton (26 damage)
             ... on level 15 of the Dungeon.
             The game lasted 00:40:24 (20614 turns).

Htamos the Severer (Hill Orc Monk)                 Turns: 20614, Time: 00:40:25

Health: -9/178     AC: 23    Str: 23      XL:     13   Next: 84%
Magic:  24/24      EV:  8    Int:  8 (10) God:    Beogh [**....]
Gold:   607        SH:  0    Dex: 14      Spells: 12/12 levels left

rFire    . . .     SeeInvis .   I - +4 battleaxe
rCold    . . .     Gourm    .   (shield currently unavailable)
rNeg     . . .     Faith    .   s - +1 plate armour of Dogmatism {rPois}
rPois    +         Spirit   .   k - +0 helmet
rElec    .         Reflect  .   g - +0 cloak
rCorr    .         Harm     .   j - +1 pair of gloves
MR       .....                  (no boots)
Stlth    ..........             (no amulet)
HPRegen  0.39/turn              m - +3 ring of protection
MPRegen  0.19/turn              (no ring)

@: berserking (expiring), vulnerable, very quick
A: no striking features
a: Smiting, Renounce Religion


You were on level 15 of the Dungeon.
You worshipped Beogh.
Beogh was pleased with you.
You were hungry.

You visited 1 branch of the dungeon, and saw 15 of its levels.

You collected 1191 gold pieces.
You spent 584 gold pieces at shops.

Inventory:

Hand Weapons
 a - a +0 hand axe
 v - a +0 hand axe of chopping
 F - a +2 mace of holy wrath
 I - a +4 battleaxe (weapon)
 K - a +0 shortbow of flaming
Armour
 b - a +0 robe
 g - a +0 cloak (worn)
 i - a +0 leather armour
 j - a +1 pair of gloves (worn)
 k - a +0 helmet (worn)
 l - a +0 ring mail
 s - the +1 plate armour of Dogmatism (worn) {rPois}
   (You found it on level 14 of the Dungeon)

   It protects you from poison.
 u - a cursed +0 ring mail
 Q - a +0 plate armour
 V - the +3 chain mail "Cos Ogol" {rF++ Int+3 Stlth+}
   (You bought it in a shop on level 12 of the Dungeon)

   It affects your intelligence (+3).
   It greatly protects you from fire.
   It makes you more stealthy.
 Z - a +0 plate armour
Jewellery
 m - a +3 ring of protection (left hand)
 x - a cursed ring of teleportation
 R - an uncursed ring of fire
 Y - an uncursed ring of resist corrosion
Wands
 p - a wand of flame (54)
 q - a wand of iceblast (11)
 B - a wand of clouds (14)
 E - a wand of acid (21)
 H - a wand of digging (16)
 J - a wand of disintegration (4)
 N - a wand of random effects (34)
 W - a wand of paralysis (30)
Scrolls
 d - 2 scrolls of enchant weapon
 e - 4 scrolls of teleportation
 f - 2 scrolls of enchant armour
 h - 2 scrolls of amnesia
 n - 2 scrolls of blinking
 o - 9 scrolls of identify
 t - 2 scrolls of fear
 y - 6 scrolls of remove curse
 z - a scroll of fog
Potions
 r - 5 potions of flight
 w - a potion of heal wounds {unknown}
 C - 6 potions of curing
 D - a potion of lignification {unknown}
 L - 3 potions of might {unknown}
 M - 2 potions of haste
 S - a potion of cancellation {unknown}
 T - 3 potions of invisibility {unknown}
 U - a potion of ambrosia {unknown}
 X - a potion of agility {unknown}
Miscellaneous
 P - a lightning rod (4/4)
Comestibles
 c - 19 rations
 G - 6 chunks of flesh


   Skills:
 + Level 12.4 Fighting
 * Level 17.9 Axes
 + Level 9.7 Armour
 - Level 2.4 Dodging
 - Level 1.5 Stealth
 * Level 15.5 Invocations


You had 12 spell levels left.
You didn't know any spells.
Your spell library contained the following spells:

 Spells                   Type           Power        Failure   Level  Hunger
 Apportation              Tloc           #.....       99%         1    ##.....
 Lightning Bolt           Conj/Air       #.........   100%        5    ######.
 Summon Small Mammal      Summ           #...         99%         1    ##.....
 Animate Skeleton         Necr           N/A          99%         1    ##.....
 Summon Ice Beast         Ice/Summ       #.......     100%        4    #####..
 Call Imp                 Summ           #.......     100%        2    ###....
 Shock                    Conj/Air       #...         99%         1    ##.....
 Swiftness                Chrm/Air       #.......     100%        2    ###....
 Airstrike                Air            #.........   100%        4    #####..
 Confusing Touch          Hex            #.....       99%         1    ##.....
 Call Canine Familiar     Summ           #.......     100%        3    ####...
 Static Discharge         Conj/Air       #.......     100%        3    ####...
 Summon Lightning Spire   Summ/Air       #.......     100%        4    #####..
 Summon Guardian Golem    Hex/Summ       #.......     100%        3    ####...


Dungeon Overview and Level Annotations

Branches:
Dungeon (15/15)            Temple (0/1) D:4            Lair (0/6) D:10
    Orc (0/2) D:9          Vaults (0/5) D:13         Depths (0/5) D:15

Altars:
Ashenzari
Elyvilon
Fedhas
Gozag
Kikubaaqudgha
Makhleb
Nemelex Xobeh
Ru
Sif Muna
Wu Jian
Beogh

Shops:
D:5 =:}   D:7 (   D:12 [

Annotations:
D:4 2 transporters, Execuda's ghost, novice HOBe
D:15 3 runed doors, exclusion: obsidian statue, Vuimu Jalia's ghost, journeyman MiGl


Message History

You destroy the iron dragon zombie!
Beogh accepts your kill.
Your orc knight hits the spriggan defender skeleton with a club.
You hear some strange, mumbled words.
A bolt of cold appears from out of thin air!
The bolt of cold hits the spriggan defender skeleton.
The spriggan defender skeleton resists.
The spriggan defender skeleton is destroyed!
The bolt of cold hits you!
* * * LOW HITPOINT WARNING * * *
Your orc sorcerer hits the titan skeleton but does no damage.
You hit the titan skeleton but do no damage.
Your orc knight hits the titan skeleton but does no damage.
Something barely misses your orc knight.
Your orc knight hits the titan skeleton with a club!
Unknown command.
You slice the titan skeleton!!
The titan skeleton is moderately damaged.
The titan skeleton hits you!!
You die...

####.............#
####.............#
...................#
.####..............##
#................
#.............#
#.............###
#.......o........
#.....8o.@##.###.
#......{.Zo.# #
...P..P.......
P....P....8..#
............#
....P.8....#
...>.......#
............


You could see a titan skeleton, 2 friendly orc knights and a friendly orc
sorcerer.

Vanquished Creatures
  A vault guard (D:13)
  A two-headed ogre (shapeshifter) (D:14)
  3 two-headed ogres
  2 centaur warriors
  A death knight (D:13)
  Urug (D:15)
  A tengu warrior (D:11)
  An orc knight (D:12)
  A skeletal warrior (D:13)
  2 unseen horrors (D:14)
  2 wizards (D:13)
  An iron dragon zombie (D:15)
  A phantasmal warrior (D:15)
  A deep elf mage (D:14)
  A wolf spider zombie (D:15)
  4 ugly things
  A gargoyle (D:11)
  A komodo dragon (D:11)
  A redback zombie (D:15)
  A guardian mummy (D:15)
  A freezing wraith (D:13)
  2 slime creatures
  Grinder (D:3)
  A hippogriff (D:10)
  A meliai zombie (D:13)
  2 shadows
  Sigmund (D:3)
  4 wyverns
  2 water elementals (D:14)
  4 hogs (D:7)
  9 humans
  A steam dragon (D:14)
  A water moccasin (D:10)
  A black bear (D:11)
  2 sky beasts
  An eye of draining (D:14)
  A necrophage (D:9)
  3 orc warriors
  3 phantoms
  6 ice beasts
  5 centaurs
  An ogre (D:9)
  A boggart (D:14)
  A big kobold (D:7)
  Blork the orc (D:5)
  13 bullfrogs
  5 scorpions
  4 killer bees (D:12)
  9 wights
  4 howler monkeys
  3 electric eels (D:14)
  13 crimson imps
  2 centaur zombies
  2 quasits
  2 centaur skeletons
  10 hounds
  2 jellies
  2 bullfrog skeletons
  4 orc priests
  5 orc wizards
  12 worker ants
  Ijyb (D:3)
  A hound zombie (D:9)
  A hound skeleton (D:4)
  Robin (D:3)
  11 adders
  6 gnolls (D:4)
  A howler monkey skeleton (D:7)
  A shadow imp (D:9)
  A white imp (D:12)
  An ooze (D:4)
  An adder zombie (D:5)
  5 worms
  A dart slug (D:1)
  4 leopard geckos
  19 orcs
  A ball python (D:4)
  8 giant cockroaches
  22 goblins
  8 hobgoblins
  7 jackals
  4 quokkas
  5 bats
  4 frilled lizards
  A jackal zombie (D:7)
  13 kobolds
  4 rats
308 creatures vanquished.

Vanquished Creatures (collateral kills)
  A hydra (D:14)
  A vault guard (D:13)
  A centaur warrior (D:13)
  3 two-headed ogres
  An unseen horror (D:13)
  2 skeletal warriors
  A wizard (D:13)
  A necromancer (D:13)
  A cyclops (D:13)
  7 ugly things
  A manticore (D:12)
  2 centaur skeletons
  A gargoyle (D:13)
  Psyche (D:10)
  A freezing wraith (D:14)
  5 trolls
  2 slime creatures (D:10)
  3 hippogriffs
  A vampire (D:13)
  A wraith (D:14)
  4 yaks (D:13)
  A hungry ghost (D:13)
  A steam dragon (D:10)
  11 humans (D:13)
  2 soldier ants
  3 orc warriors
  3 ice beasts
  A boggart (D:14)
  An ogre (D:12)
  A necrophage (D:11)
  2 centaurs (D:13)
  A big kobold (D:12)
  3 bullfrogs
  2 scorpions
  2 killer bees (D:12)
  3 howler monkeys
  3 wights
  A crimson imp (D:12)
  3 bullfrog zombies
  4 hounds
  A quasit (D:10)
  A bullfrog skeleton (D:13)
  2 orc priests
  An iguana (D:7)
  2 orc wizards
  A killer bee zombie (D:9)
  An adder (D:12)
  2 shadow imps
  6 orcs
  3 jackals
  4 kobolds (D:12)
  3 plants (D:14)
116 creatures vanquished.

Vanquished Creatures (others)
  2 orc knights
  A spriggan skeleton (D:15)
  An orc warrior (D:13)
  A human (D:5)
  A boggart (D:14)
  3 orc priests
  4 orc wizards
  24 orcs
  A quokka (D:3)
  2 plants (D:14)
40 creatures vanquished.

Grand Total: 464 creatures vanquished

Notes
Turn   | Place    | Note
-------+----------+-------------------------------------------
     0 | D:1      | Htamos the Hill Orc Monk began the quest for the Orb.
     0 | D:1      | Reached XP level 1. HP: 19/19 MP: 1/1
   407 | D:1      | Reached XP level 2. HP: 18/27 MP: 2/2
   848 | D:1      | Reached skill level 5 in Axes
   856 | D:1      | Reached XP level 3. HP: 23/33 MP: 3/3
  1318 | D:2      | Found a sparkling altar of Nemelex Xobeh.
  2152 | D:2      | Reached XP level 4. HP: 40/41 MP: 4/4
  2385 | D:2      | Reached skill level 6 in Axes
  2696 | D:2      | Found a blossoming altar of Fedhas.
  3052 | D:3      | Found a white marble altar of Elyvilon.
  3107 | D:3      | Noticed Grinder
  3109 | D:3      | Paralysed by Grinder for 4 turns
  3136 | D:3      | Paralysed by Grinder for 2 turns
  3142 | D:3      | Killed Grinder
  3142 | D:3      | Reached skill level 5 in Fighting
  3142 | D:3      | Reached skill level 7 in Axes
  3142 | D:3      | Reached XP level 5. HP: 18/48 MP: 5/5
  3142 | D:3      | Reached XP level 6. HP: 21/56 MP: 6/6
  3346 | D:3      | Noticed Robin
  3362 | D:3      | Killed Robin
  3510 | D:3      | Noticed Sigmund
  3529 | D:3      | Killed Sigmund
  3529 | D:3      | Reached skill level 8 in Axes
  3821 | D:3      | Noticed Ijyb
  3832 | D:3      | Killed Ijyb
  3832 | D:3      | Reached XP level 7. HP: 63/63 MP: 7/7
  4113 | D:4      | Reached skill level 9 in Axes
  4278 | D:4      | Found a transporter.
  4480 | D:4      | Found a transporter.
  5026 | D:4      | Found a staircase to the Ecumenical Temple.
  5057 | D:4      | Became a worshipper of Beogh the Brigand
  5057 | D:4      | Reached * piety under Beogh
  5057 | D:4      | Reached ** piety under Beogh
  5196 | D:4      | Reached skill level 10 in Axes
  5636 | D:4      | Reached XP level 8. HP: 62/73 MP: 8/8
  5727 | D:4      | Reached skill level 1 in Invocations
  5852 | D:4      | Reached skill level 1 in Armour
  6070 | D:4      | Found an ancient bone altar of Kikubaaqudgha.
  6201 | D:4      | Noticed Execuda's ghost (novice HOBe)
  6229 | D:5      | Entered Level 5 of the Dungeon
  6495 | D:5      | Found Ixorag's Book Shoppe.
  6543 | D:5      | Noticed Blork the orc
  6544 | D:5      | Found Ateematz's Gadget Shoppe.
  6577 | D:5      | Killed Blork the orc
  6735 | D:5      | Found an ancient bone altar of Kikubaaqudgha.
  6836 | D:5      | Found Vocvi's Jewellery Shop.
  7072 | D:5      | Found a burning altar of Makhleb.
  7275 | D:6      | Reached skill level 11 in Axes
  7517 | D:5      | Reached XP level 9. HP: 52/80 MP: 12/12
  7730 | D:6      | Reached skill level 5 in Invocations
  7918 | D:6      | Reached *** piety under Beogh
  8186 | D:7      | Found a white marble altar of Elyvilon.
  9186 | D:7      | Reached skill level 12 in Axes
  9444 | D:7      | Found Ilurut's Weapon Shop.
  9490 | D:7      | Found a deep blue altar of Sif Muna.
  9553 | D:7      | Reached XP level 10. HP: 28/90 MP: 12/15
 10000 | D:8      | Noticed a two-headed ogre
 10004 | D:8      | Killed a two-headed ogre
 10004 | D:8      | Reached skill level 5 in Armour
 10053 | D:8      | Found an ornate altar of the Wu Jian Council.
 10117 | D:8      | Reached skill level 13 in Axes
 10406 | D:8      | Found a sacrificial altar of Ru.
 11709 | D:9      | Found a roughly hewn altar of Beogh.
 11716 | D:9      | Found a staircase to the Orcish Mines.
 12144 | D:10     | Entered Level 10 of the Dungeon
 12400 | D:10     | Noticed Psyche
 12404 | D:10     | Reached skill level 10 in Invocations
 12412 | D:10     | Killed Psyche
 12773 | D:10     | Found a staircase to the Lair.
 12911 | D:10     | Reached XP level 11. HP: 59/99 MP: 18/18
 12920 | D:10     | Reached skill level 14 in Axes
 13600 | D:11     | Noticed a cyan ugly thing
 13600 | D:11     | Noticed a two-headed ogre
 13606 | D:10     | Killed a cyan ugly thing
 13854 | D:11     | Killed a two-headed ogre
 13854 | D:11     | Reached skill level 10 in Fighting
 14333 | D:11     | Noticed a cyan ugly thing
 14342 | D:11     | Killed a cyan ugly thing
 14703 | D:11     | Noticed a centaur warrior
 14705 | D:11     | Noticed a tengu warrior
 14714 | D:11     | Killed a centaur warrior
 14715 | D:11     | Gained Garbold as an ally
 14716 | D:11     | Killed a tengu warrior
 14716 | D:11     | Reached skill level 15 in Axes
 15661 | D:12     | Noticed a manticore
 15670 | D:12     | Your ally Garbold died
 15674 | D:12     | Killed a manticore
 15687 | D:12     | Gained Horkud as an ally
 15761 | D:12     | Your ally Horkud died
 16022 | D:12     | Reached XP level 12. HP: 108/108 MP: 21/21
 16124 | D:12     | Noticed a two-headed ogre
 16129 | D:12     | Killed a two-headed ogre
 16318 | D:12     | Found Nonna's Armour Shop.
 16323 | D:12     | Bought the +3 chain mail "Cos Ogol" {rF++ Int+3 Stlth+} for 584 gold pieces
 16387 | D:12     | Noticed a two-headed ogre
 16392 | D:12     | Killed a two-headed ogre
 16548 | D:13     | Noticed a centaur warrior
 16556 | D:13     | Killed a centaur warrior
 16689 | D:13     | Noticed a death knight
 16691 | D:13     | Noticed a centaur warrior
 16693 | D:13     | Killed a death knight
 16701 | D:13     | Killed a centaur warrior
 16701 | D:13     | Reached skill level 16 in Axes
 17739 | D:13     | Paralysed by a wizard for 4 turns
 17744 | D:13     | Noticed a vault guard
 17744 | D:13     | Noticed a vault guard
 17751 | D:13     | Killed a vault guard
 17751 | D:13     | Reached XP level 13. HP: 64/117 MP: 16/23
 17753 | D:13     | Killed a vault guard
 17754 | D:13     | Found a gate to the Vaults.
 18512 | D:13     | Reached skill level 17 in Axes
 19550 | D:14     | Reached skill level 15 in Invocations
 20066 | D:14     | Found a shattered altar of Ashenzari.
 20453 | D:14     | Got a transparent plate armour
 20454 | D:14     | Identified the +1 plate armour of Dogmatism {rPois} (You found it on level 14 of the Dungeon)
 20493 | D:15     | Entered Level 15 of the Dungeon
 20531 | D:15     | Noticed Urug
 20535 | D:15     | Found a runed gate.
 20535 | D:15     | Found a runed gate.
 20536 | D:15     | Found an opulent altar of Gozag.
 20536 | D:15     | Found a runed gate.
 20539 | D:15     | Killed Urug
 20551 | D:15     | Noticed an ettin
 20551 | D:15     | Noticed Vuimu Jalia's ghost (journeyman MiGl)
 20596 | D:15     | Found a staircase to the Depths.
 20614 | D:15     | Mangled by a titan skeleton

Vault maps used:
D:1:      minmay_arrival_wavy_path
D:2:      lemuel_round_altar, nemelex_xobeh_ov_fountains_minmay,
          minmay_tromino_mix6
D:3:      elyvilon_altar_4, first_ration, uniq_robin, uniq_sigmund,
          uniq_grinder, uniq_ijyb
D:4:      lemuel_doored_altar, minmay_temple_entry_grid,
          gammafunk_ghost_stat_death
D:5:      makhleb_heckhound_becter, serial_shops, kennysheep_little_box, shop,
          shop, tgw_kikubaaqudgha, uniq_blork_the_orc
D:7:      kennysheep_mini, basic_altar, serial_shops, shop, grunt_livestock
D:8:      lemuel_crystal_altar, moated_statue, nicolae_ru_path_of_blood
D:9:      david_orc_5
D:10:     lair_entry_dummy, uniq_psyche
D:11:     minmay_bloctagon_deflated, lab_entry_generic
D:12:     portal_ice_cave_entry_pillars_1, serial_shops, shop, minmay_nine_imps
D:13:     grunt_vaults_entry_tiered
D:14:     chequers_big_river, basic_altar
D:15:     gammafunk_depths_entry_grave, ebering_ghost_gozag,
          minmay_misc_feat_rows, uniq_rupert, uniq_urug

Skill      XL: |  1  2  3  4  5  6  7  8  9 10 11 12 13 |
---------------+----------------------------------------+-----
Fighting       | 4 5 6 7 8 9 10 11 12 | 12.4
Axes           | 5 7 8 10 11 12 13 15 16 17 | 17.9
Invocations    | 4 7 10 12 14 15 | 15.5
Armour         | 2 4 6 7 8 9 |  9.7
Dodging        | |  2.4
Stealth        | |  1.5

Action                   |  1- 3 |  4- 6 |  7- 9 | 10-12 | 13-15 || total
-------------------------+-------+-------+-------+-------+-------++-------
Melee: Hand axe          |   127 |   138 |   547 |    17 |       ||   829
       Battleaxe         |       |       |       |   328 |   129 ||   457
Invok: Convert to Beogh  |       |       |     1 |       |       ||     1
       Smiting           |       |       |     2 |    33 |    23 ||    58
Evoke: Wand              |       |       |       |    10 |       ||    10
  Use: Potion            |     4 |     1 |       |     1 |     1 ||     7
       Scroll            |       |       |     1 |     5 |    16 ||    22
 Stab: Sleeping          |     2 |     2 |     1 |     1 |       ||     6
       Distracted        |       |       |     1 |     6 |     1 ||     8
       Confused          |       |       |     1 |     1 |       ||     2
       Paralysed         |       |       |       |     1 |     2 ||     3
  Eat: Chunk             |     4 |     5 |    13 |    18 |     2 ||    42
       Ration            |       |       |     2 |     2 |     2 ||     6
Armor: Robe              |     3 |       |       |       |       ||     3
       Leather armour    |    20 |       |       |       |       ||    20
       Ring mail         |       |    46 |   177 |   163 |    55 ||   441
       Plate armour      |       |       |       |       |    25 ||    25
Dodge: Dodged            |    78 |    60 |   237 |   227 |    54 ||   656

Table legend:
 A = Spawn XP
 B = Non-spawn XP
 C = Spawn XP percentage of total XP
 D = Spawn monster count
 E = Non-spawn monster count
 F = Spawn count percentage of total count
 G = Total turns spent on level
                    A         B        C        D         E        F      G
               +---------+---------+-------+---------+---------+-------+---------
         Total |       0 |   50751 |   0.0 |       0 |     423 |   0.0 | 20614
               +---------+---------+-------+---------+---------+-------+---------
           D:1 |       0 |      58 |   0.0 |       0 |      26 |   0.0 |  1829
           D:2 |       0 |      61 |   0.0 |       0 |      17 |   0.0 |  1040
           D:3 |       0 |     557 |   0.0 |       0 |      31 |   0.0 |  1184
           D:4 |       0 |     714 |   0.0 |       0 |      37 |   0.0 |  2176
           D:5 |       0 |     656 |   0.0 |       0 |      21 |   0.0 |  1191
           D:6 |       0 |     799 |   0.0 |       0 |      14 |   0.0 |   732
           D:7 |       0 |    2039 |   0.0 |       0 |      29 |   0.0 |  1796
           D:8 |       0 |    1233 |   0.0 |       0 |      16 |   0.0 |   626
           D:9 |       0 |    2157 |   0.0 |       0 |      34 |   0.0 |  1586
          D:10 |       0 |    2257 |   0.0 |       0 |      18 |   0.0 |  1726
          D:11 |       0 |    6668 |   0.0 |       0 |      31 |   0.0 |  1734
          D:12 |       0 |    3597 |   0.0 |       0 |      35 |   0.0 |   926
          D:13 |       0 |   14519 |   0.0 |       0 |      63 |   0.0 |  2074
          D:14 |       0 |   10449 |   0.0 |       0 |      40 |   0.0 |  1873
          D:15 |       0 |    4987 |   0.0 |       0 |      11 |   0.0 |   121
               +---------+---------+-------+---------+---------+-------+---------
